[Event "Titled Tuesday Blitz March 22 Early 2022"]
[White "Shuvalov, Evgenij"]
[Black "Chen, Qi b"]
[WhiteFideId "4187237"]
[BlackFideId "8614733"]
[WhiteElo "2151"]
[BlackElo "2432"]
[Result "1-0"]
[Round "08"]
[TimeControl "180+1"]
[Date "2022.03.22"]
[WhiteClock "0:00:06"]
[BlackClock "0:00:02"]

1. Nf3 Nf6 2. c4 e6 3. g3 d5 4. Bg2 dxc4 5. Qa4+ Bd7 6. Qxc4 c5 7. d4 Bc6 8. dxc5 Nbd7 9. Be3 Bd5 10. Qc1 Rc8 11. b4 b6 12. Nc3 bxc5 13. b5 Be7 14. O-O O-O 15. Nd2 Nb6 16. a4 Bxg2 17. Kxg2 Ng4 18. a5 Nxe3+ 19. fxe3 Nd5 20. Nde4 c4 21. Rd1 Qd7 22. Ra2 Qb7 23. Kg1 Nxc3 24. Nxc3 Bb4 25. b6 axb6 26. a6 Qc6 27. Rd4 Ra8 28. a7 Ba5 29. Ne4 Rxa7 30. Rxc4 Qd5 31. Rac2 h6 32. Rd4 Qe5 33. Nd6 Rd7 34. Nc4 Qxd4 35. exd4 Rxd4 36. Nxa5 bxa5 37. Rc8 Rd5 38. Rxf8+ Kxf8 39. Qc2 g5 40. Qh7 Ke7 41. Qxh6 a4 42. h4 gxh4 43. gxh4 a3 44. Qe3 Kf6 45. Qxa3 Kg6 46. Qg3+ Kh5 47. Kh2 Rf5 48. Kh3 Kh6 49. Qg4 Rf6 50. Qg8 1-0


[Site "https://www.chess.com"]

[Event "Titled Tuesday Blitz March 22 Early 2022"]
[White "Sjugirov, Sanan"]
[Black "Smirnov, Pavel"]
[WhiteFideId "4189302"]
[BlackFideId "4123425"]
[WhiteElo "2602"]
[BlackElo "2545"]
[Result "0-1"]
[Round "08"]
[TimeControl "180+1"]
[Date "2022.03.22"]
[WhiteClock "0:00:05"]
[BlackClock "0:00:15"]

1. Nf3 Nf6 2. g3 d5 3. Bg2 e6 4. O-O Be7 5. c4 O-O 6. b3 c5 7. cxd5 Nxd5 8. Bb2 b6 9. d4 Bb7 10. dxc5 Bxc5 11. Nc3 Nxc3 12. Bxc3 Qe7 13. Qd2 Nc6 14. Rad1 Rfd8 15. Qb2 f6 16. Nd2 Nd4 17. Bxd4 Bxd4 18. Qb1 Bxg2 19. Kxg2 Rac8 20. Nf3 Bc3 21. Qe4 f5 22. Rxd8+ Rxd8 23. Qc4 Bf6 24. e4 fxe4 25. Qxe4 h6 26. Re1 Rd6 27. Re2 Qd7 28. h4 a5 29. Rc2 Rd5 30. Re2 Rd6 31. Rc2 Rd5 32. Qe3 Rd6 33. Rc4 b5 34. Rc2 a4 35. bxa4 bxa4 36. Qe4 Rd3 37. Re2 Kf7 38. Re3 Rxe3 39. Qxe3 Kg8 40. Qc5 Qd3 41. Qc8+ Kf7 42. Qb7+ Kg6 43. Qc6 Qd5 44. Qxa4 e5 45. Qg4+ Kf7 46. Qf5 g6 47. Qc2 e4 48. Nd2 e3+ 49. Nf3 exf2 50. Kxf2 Bd4+ 51. Kg2 Bf6 52. Qb3 Ke6 53. Kf2 Qxb3 54. axb3 Kd5 55. Ke3 Kc5 56. Kd3 Kb4 57. Kc2 Kc5 58. Kd3 Kb4 0-1


[Site "https://www.chess.com"]

[Event "Titled Tuesday Blitz March 22 Early 2022"]
[White "Stanisz, Patryk"]
[Black "Silvestre, Christian"]
[WhiteFideId "1123106"]
[BlackFideId "30956269"]
[WhiteElo "1876"]
[BlackElo "2419"]
[Result "0-1"]
[Round "08"]
[TimeControl "180+1"]
[Date "2022.03.22"]
[WhiteClock "0:00:03"]
[BlackClock "0:00:43"]

1. c4 d6 2. Nc3 Nd7 3. d4 g6 4. g3 Bg7 5. Bg2 e5 6. d5 f5 7. Nf3 h6 8. h4 Ngf6 9. Qc2 c5 10. dxc6 bxc6 11. b3 Bb7 12. Bb2 Qe7 13. O-O-O d5 14. h5 d4 15. Na4 Nxh5 16. Rxh5 gxh5 17. Qxf5 Qf7 18. Qd3 c5 19. Nh4 Bxg2 20. Nxg2 Qxf2 21. Qg6+ Qf7 22. Qc6 O-O 23. Nh4 Rac8 24. Qe4 Nf6 25. Qxe5 Ng4 26. Qd6 Rfd8 27. Qa6 Ne3 28. Rh1 Rf8 29. Nf3 d3 30. Bxg7 Kxg7 31. Rh4 dxe2 32. Rf4 Qd7 33. Qa5 0-1


[Site "https://www.chess.com"]

[Event "Titled Tuesday Blitz March 22 Early 2022"]
[White "Starozhilov, Leonid"]
[Black "Migot, Tangi"]
[WhiteFideId "14106752"]
[BlackFideId "662445"]
[WhiteElo "2414"]
[BlackElo "2516"]
[Result "0-1"]
[Round "08"]
[TimeControl "180+1"]
[Date "2022.03.22"]
[WhiteClock "0:00:06"]
[BlackClock "0:00:31"]

1. e4 c5 2. Nf3 e6 3. c4 Nc6 4. d4 cxd4 5. Nxd4 Nf6 6. Nc3 Bb4 7. Nxc6 bxc6 8. Bd3 e5 9. O-O Bxc3 10. bxc3 d6 11. Qa4 Bd7 12. c5 d5 13. exd5 Nxd5 14. Re1 Qe7 15. Bc4 Nf6 16. Bf4 O-O 17. Rxe5 Qd8 18. Rd1 Re8 19. Qb3 Re7 20. h3 Qe8 21. Rxe7 Qxe7 22. Bd6 Qe8 23. Qb7 Nd5 24. Bxd5 cxd5 25. Qxd5 Bc6 26. Qe5 Qd7 27. Rb1 Re8 28. Qg3 f6 29. c4 Qf5 30. Rc1 Re2 31. a3 h5 32. h4 Qe4 33. f3 Qe3+ 34. Kh2 Qxc1 35. Qg6 Qxc4 36. Qxh5 Qf7 37. Qf5 Qe6 38. Qg6 Bxf3 0-1


[Site "https://www.chess.com"]

[Event "Titled Tuesday Blitz March 22 Early 2022"]
[White "Tari, Aryan"]
[Black "Salinas Herrera, Pablo"]
[WhiteFideId "1510045"]
[BlackFideId "3407128"]
[WhiteElo "2567"]
[BlackElo "2541"]
[Result "1-0"]
[Round "08"]
[TimeControl "180+1"]
[Date "2022.03.22"]
[WhiteClock "0:00:14"]
[BlackClock "0:00:01"]

1. e4 c5 2. Nc3 a6 3. f4 e6 4. Nf3 d5 5. g3 Nc6 6. Bg2 Nf6 7. e5 Nd7 8. O-O h5 9. d4 Nxd4 10. Nxd4 cxd4 11. Ne2 h4 12. g4 h3 13. Bf3 g5 14. Nxd4 gxf4 15. Bxf4 Bg7 16. Qe2 Qb6 17. c3 Nf8 18. Rae1 Ng6 19. Bg3 Bd7 20. Qe3 O-O-O 21. Kh1 Rdf8 22. b4 Kb8 23. Bxd5 Qc7 24. Nf3 Ka8 25. Be4 Ne7 26. Nd4 Bh6 27. g5 Bg7 28. Kg1 Be8 29. Rf6 Nc8 30. Rf2 Nb6 31. Qe2 Ka7 32. a4 Nc4 33. Bd3 Nb6 34. c4 Nxa4 35. Ra1 Nb6 36. c5 Nd5 37. Bxa6 Kb8 38. Bb5 Nc3 39. Qc4 Nxb5 40. Nxb5 Bxb5 41. Qxb5 Bxe5 42. Rfa2 Bd4+ 43. Kh1 Bxa1 44. Bxc7+ Kxc7 45. Qb6+ Kb8 46. Ra7 1-0


[Site "https://www.chess.com"]

[Event "Titled Tuesday Blitz March 22 Early 2022"]
[White "Tasev, Dejan"]
[Black "Siva Mahadevan"]
[WhiteFideId "936618"]
[BlackFideId "25043153"]
[WhiteElo "2253"]
[BlackElo "2203"]
[Result "1-0"]
[Round "08"]
[TimeControl "180+1"]
[Date "2022.03.22"]
[WhiteClock "0:00:30"]
[BlackClock "0:00:09"]

1. e4 c5 2. Nf3 Nc6 3. Nc3 d6 4. d4 cxd4 5. Nxd4 Nf6 6. Bc4 Qb6 7. Nb3 e6 8. Be3 Qc7 9. Qe2 a6 10. a4 b6 11. O-O Bb7 12. Bd3 Be7 13. f4 Nb4 14. Kh1 Rc8 15. f5 e5 16. a5 b5 17. Bg5 h5 18. Bxf6 gxf6 19. Nd2 h4 20. h3 Qc5 21. Rfd1 Bf8 22. Nf3 Ke7 23. Nh2 Bh6 24. Ng4 Bf4 25. Rf1 Rcg8 26. Rad1 Rg5 27. Nb1 Nc6 28. c3 b4 29. Bxa6 Bxa6 30. Qxa6 Rxg4 31. Rd5 Rxg2 32. Qb7+ Kf8 33. Qc8+ Kg7 34. Qxh8+ Kxh8 35. Rxc5 Rh2+ 36. Kg1 dxc5 37. Rxf4 Rxb2 38. Rf1 Nxa5 39. cxb4 cxb4 40. Rd1 1-0


[Site "https://www.chess.com"]

[Event "Titled Tuesday Blitz March 22 Early 2022"]
[White "Tay, Junior"]
[Black "Jary, Sergey"]
[WhiteFideId "5800439"]
[BlackFideId "14110350"]
[WhiteElo "2216"]
[BlackElo "2260"]
[Result "0-1"]
[Round "08"]
[TimeControl "180+1"]
[Date "2022.03.22"]
[WhiteClock "0:00:09"]
[BlackClock "0:01:24"]

1. e4 c5 2. Nf3 Nc6 3. b4 cxb4 4. d4 d5 5. exd5 Qxd5 6. c4 Qh5 7. d5 Ne5 8. Nbd2 Nxf3+ 9. Nxf3 e6 10. Be2 Nf6 11. O-O Bc5 12. Bb2 O-O 13. Ne5 Qh6 14. Kh1 exd5 15. cxd5 Ne4 16. Bd4 Bxd4 17. Qxd4 Qf4 18. Rad1 Re8 19. Nf3 Bf5 20. g3 Qh6 21. Ne5 Rac8 22. Bf3 Nd6 23. Bg2 f6 24. Nf3 Be4 25. Qxa7 Qh5 26. Nd4 Bxd5 0-1


[Site "https://www.chess.com"]

[Event "Titled Tuesday Blitz March 22 Early 2022"]
[White "Toncheva, Nadya"]
[Black "Williams, Simon K"]
[WhiteFideId "2924056"]
[BlackFideId "404454"]
[WhiteElo "1884"]
[BlackElo "2468"]
[Result "0-1"]
[Round "08"]
[TimeControl "180+1"]
[Date "2022.03.22"]
[WhiteClock "0:00:05"]
[BlackClock "0:00:01"]

1. e4 d6 2. d4 Nf6 3. Nc3 Nbd7 4. Nf3 e5 5. Bc4 Be7 6. O-O c6 7. a4 Qc7 8. Re1 h6 9. h3 Nf8 10. Be3 Rg8 11. Qd2 g5 12. Nh2 Ng6 13. g4 Nf4 14. Bxf4 gxf4 15. f3 h5 16. dxe5 dxe5 17. Rad1 hxg4 18. fxg4 Bd7 19. Kh1 O-O-O 20. Qf2 Rh8 21. Qxa7 Rxh3 22. Qa8+ Qb8 23. Qxb8+ Kxb8 24. Kg2 Rdh8 25. Rh1 Bc5 26. g5 Rg3+ 27. Kf1 Rxg5 28. Ne2 Bh3+ 29. Ke1 Nxe4 30. Rd3 Bg2 31. Rf1 Rxh2 32. Nxf4 exf4 33. Rxf4 Bh3 34. Rdf3 Rg1+ 35. Rf1 Bxf1 36. Rxf1 Rxf1+ 37. Bxf1 f5 38. c3 Rxb2 39. Bd3 Kc7 40. a5 Kd6 41. a6 bxa6 42. Bxa6 Nxc3 43. Bd3 Ke5 44. Kf1 f4 45. Ke1 Kd4 46. Ba6 Ke3 47. Kf1 f3 48. Kg1 Bd6 49. Bf1 Rb1 50. Kh1 Rxf1# 0-1


[Site "https://www.chess.com"]

[Event "Titled Tuesday Blitz March 22 Early 2022"]
[White "Topalov, Aleksandar"]
[Black "Samaganova, Aleksandra"]
[WhiteFideId "925659"]
[BlackFideId "13800221"]
[WhiteElo "2158"]
[BlackElo "1859"]
[Result "1-0"]
[Round "08"]
[TimeControl "180+1"]
[Date "2022.03.22"]
[WhiteClock "0:00:40"]
[BlackClock "0:00:02"]

1. b3 c5 2. Bb2 Nf6 3. Nf3 e6 4. c4 Nc6 5. e3 d5 6. cxd5 exd5 7. d3 Be7 8. a3 O-O 9. Nbd2 h6 10. Rc1 Bf5 11. Be2 Rc8 12. O-O b6 13. Rc2 Bd6 14. Qa1 Re8 15. Rfc1 a5 16. Bf1 b5 17. Rxc5 Bxc5 18. Rxc5 b4 19. a4 Be6 20. Bxf6 Qxf6 21. Qxf6 gxf6 22. d4 Ne7 23. Rxa5 Rb8 24. Rc5 Rec8 25. Bb5 Bf5 26. e4 Bxe4 27. Nxe4 dxe4 28. Nd2 f5 29. Re5 Rc1+ 30. Nf1 Rb7 31. g3 Kg7 32. Kg2 Kf6 33. Ne3 Rc3 34. Bc4 Rc7 35. Rb5 Rd7 36. d5 Kg7 37. Rxb4 Ng6 38. Nxf5+ Kf6 39. Ne3 Ne5 40. Rb6+ Kg7 41. a5 Nf3 42. a6 Rc1 43. Rb7 Rd6 44. a7 Ra1 45. Nf5+ Kf6 46. Nxd6 Ne1+ 47. Kh3 Nf3 48. Nxe4+ Ke5 49. Re7+ Kd4 50. d6 h5 51. d7 Rh1 52. d8=Q# 1-0


[Site "https://www.chess.com"]

[Event "Titled Tuesday Blitz March 22 Early 2022"]
[White "Tsyhanchuk, Stanislav"]
[Black "Jaferian, Koosha"]
[WhiteFideId "13505130"]
[BlackFideId "12507440"]
[WhiteElo "2078"]
[BlackElo "2030"]
[Result "0-1"]
[Round "08"]
[TimeControl "180+1"]
[Date "2022.03.22"]
[WhiteClock "0:00:06"]
[BlackClock "0:00:29"]

1. e4 c6 2. d4 d5 3. e5 Bf5 4. Nf3 e6 5. Be2 c5 6. O-O Nc6 7. Be3 cxd4 8. Bxd4 Nge7 9. Nc3 a6 10. a3 Bg6 11. Bc5 Nf5 12. Bxf8 Kxf8 13. Re1 Qc7 14. Bd3 h6 15. Bxf5 Bxf5 16. Nd4 Nxd4 17. Qxd4 Kg8 18. Qf4 Bg6 19. Rac1 Kh7 20. Ne2 Rac8 21. Nd4 Qb6 22. b4 Rc3 23. Rcd1 Rxa3 24. h4 Rc3 25. g4 Kg8 26. Rd2 Rc4 27. h5 Be4 28. c3 Rxc3 29. f3 Rxf3 30. Qh2 Rd3 31. Rxd3 Bxd3 32. Qf2 Qxb4 33. Rc1 Bc4 34. Nc2 Qe7 35. Ne3 b5 36. Nxc4 bxc4 37. Rb1 Kh7 38. Qc2+ g6 39. hxg6+ fxg6 40. Rb6 Qc5+ 41. Qf2 Qxf2+ 42. Kxf2 Re8 43. Rb7+ Kg8 44. Ra7 Rc8 45. Ke2 c3 46. Kd1 c2+ 47. Kc1 h5 48. gxh5 gxh5 49. Rxa6 Kf7 50. Ra7+ Kg6 51. Re7 Kf5 52. Rh7 Kxe5 53. Rxh5+ Kd6 54. Rh4 Rc4 55. Rh8 e5 56. Rd8+ Kc5 57. Re8 Kd4 58. Rh8 e4 59. Rh3 e3 0-1


[Site "https://www.chess.com"]

[Event "Titled Tuesday Blitz March 22 Early 2022"]
[White "Vakhlamov, Igor L."]
[Black "Chigaev, Maksim"]
[WhiteFideId "24126748"]
[BlackFideId "4108116"]
[WhiteElo "2401"]
[BlackElo "2502"]
[Result "1/2-1/2"]
[Round "08"]
[TimeControl "180+1"]
[Date "2022.03.22"]
[WhiteClock "0:00:11"]
[BlackClock "0:00:37"]

1. e4 c5 2. Nf3 Nc6 3. Nc3 e6 4. Bb5 Nd4 5. Bd3 a6 6. O-O Nc6 7. e5 d5 8. exd6 Bxd6 9. Be4 Bd7 10. d4 Nf6 11. Bg5 cxd4 12. Nxd4 Qc7 13. Nxc6 Bxc6 14. Bxf6 gxf6 15. Qf3 Bxh2+ 16. Kh1 Be5 17. Rad1 O-O 18. Bxh7+ Kxh7 19. Qh5+ Kg7 20. Qg4+ Kh7 21. Rd3 Bf4 22. Rh3+ Bh6 23. Rxh6+ Kxh6 24. Qh4+ Kg6 25. Qg4+ Kh6 26. Qh4+ Kg6 27. Qg4+ Kh6 1/2-1/2


[Site "https://www.chess.com"]

[Event "Titled Tuesday Blitz March 22 Early 2022"]
[White "Valle Maytin, Luis Enrique"]
[Black "Cramling Bellon, Anna"]
[WhiteFideId "3503666"]
[BlackFideId "32009232"]
[WhiteElo "2224"]
[BlackElo "1905"]
[Result "1-0"]
[Round "08"]
[TimeControl "180+1"]
[Date "2022.03.22"]
[WhiteClock "0:00:23"]
[BlackClock "0:00:03"]

1. e4 c5 2. Nf3 Nc6 3. d4 cxd4 4. Nxd4 g6 5. Nc3 Bg7 6. Be3 d6 7. Bc4 Nf6 8. O-O O-O 9. h3 a6 10. a4 Qc7 11. Bb3 Ne5 12. Qe2 Nc6 13. Rad1 Bd7 14. f4 e5 15. Nf3 Rfe8 16. Ng5 Re7 17. f5 Be8 18. Nd5 Nxd5 19. Bxd5 h6 20. f6 hxg5 21. fxe7 Nxe7 22. Bxg5 Nxd5 23. Rxd5 Bc6 24. Rdd1 Bxa4 25. b3 Bc6 26. Rf3 f5 27. Rfd3 Bxe4 28. Rxd6 Qxc2 29. Qxc2 Bxc2 30. Rc1 Bxb3 31. Rc7 Bf7 32. Rdd7 Rf8 33. Be7 Be6 34. Rd6 Re8 35. Rxe6 Kf7 36. Bf6+ Kxe6 37. Bxg7 Kd6 38. Rxb7 e4 39. Kf2 Rc8 40. Bd4 Rc2+ 41. Kg3 Kd5 42. Be3 Rc3 43. Kf4 Rd3 44. h4 a5 45. Rb5+ Kc4 46. Rxa5 Rd1 47. Rc5+ Kd3 48. Rd5+ Ke2 49. Rxd1 Kxd1 50. Kg5 Ke2 51. Bf4 e3 52. Kxg6 Kf2 53. Bxe3+ Kxg2 54. Kxf5 Kf3 55. h5 Kxe3 56. h6 Kd4 57. h7 Kd5 58. h8=Q Kd6 59. Qd8+ Kc6 60. Ke6 Kb7 61. Kd6 Ka7 62. Qc7+ Ka6 63. Qb8 Ka5 64. Kc5 Ka4 65. Qb4# 1-0


[Site "https://www.chess.com"]

[Event "Titled Tuesday Blitz March 22 Early 2022"]
[White "Vine, Elzbieta"]
[Black "Bashirli, Saadat"]
[WhiteFideId "1119320"]
[BlackFideId "13429990"]
[WhiteElo "1824"]
[BlackElo "1173"]
[Result "0-1"]
[Round "08"]
[TimeControl "180+1"]
[Date "2022.03.22"]
[WhiteClock "0:00:02"]
[BlackClock "0:00:09"]

1. e4 c5 2. Nf3 g6 3. d4 cxd4 4. Nxd4 Nc6 5. Nc3 Bg7 6. Be3 Nf6 7. f4 d6 8. h3 a6 9. Qd2 Bd7 10. O-O-O Qa5 11. g4 O-O-O 12. Kb1 Kb8 13. Qf2 Rc8 14. g5 Ne8 15. a3 Nxd4 16. Bxd4 Bxd4 17. Qxd4 Nc7 18. e5 Bc6 19. Rg1 Ne6 20. Qe3 dxe5 21. fxe5 Rhd8 22. Be2 Qc7 23. h4 Ng7 24. Bg4 e6 25. Rge1 Nf5 26. Qf2 Rxd1+ 27. Bxd1 Rd8 28. Bg4 Qd7 29. Bxf5 exf5 30. Qe3 Qe6 31. Qf4 Ka8 32. Kc1 Be8 33. Qe3 Bc6 34. Qf4 Rd7 35. Qe3 Kb8 36. Qf4 Bd5 37. Qe3 Qc6 38. Qf4 Be6 39. Qe3 Qc8 40. Qf4 Qd8 41. Qe3 Rd4 0-1


[Site "https://www.chess.com"]

[Event "Titled Tuesday Blitz March 22 Early 2022"]
[White "Vokhidov, Shamsiddin"]
[Black "Martinez Alcantara, Jose Eduardo"]
[WhiteFideId "14204223"]
[BlackFideId "3805662"]
[WhiteElo "2611"]
[BlackElo "2690"]
[Result "1-0"]
[Round "08"]
[TimeControl "180+1"]
[Date "2022.03.22"]
[WhiteClock "0:00:19"]
[BlackClock "0:00:07"]

1. e4 c5 2. Nf3 d6 3. Bb5+ Nd7 4. a4 Nf6 5. Nc3 g6 6. a5 Bg7 7. O-O O-O 8. a6 bxa6 9. Bxa6 Bxa6 10. Rxa6 Nb8 11. Ra1 Nc6 12. d3 Qb8 13. Re1 Nd7 14. Nd5 e6 15. Ne3 Nde5 16. Nxe5 Nxe5 17. Ra2 Nc6 18. Bd2 Nb4 19. Ra3 d5 20. exd5 exd5 21. Ra4 Qb7 22. d4 Bxd4 23. c3 Bxe3 24. Bxe3 d4 25. Bh6 Nc6 26. Bxf8 Rxf8 27. Qc2 Rd8 28. cxd4 cxd4 29. Rd1 Qb5 30. Rc4 Rd6 31. Rc5 Qb6 32. h3 a6 33. h4 Kg7 34. h5 Kf8 35. h6 Ke7 36. Rc1 Kd7 37. Qc4 Re6 38. Qd5+ Ke7 39. Rxc6 Qxb2 40. Rxe6+ fxe6 41. Rc7+ Kf6 42. Qf3+ Ke5 43. Rc5+ Kd6 44. Qc6+ Ke7 45. Qc7+ Kf6 46. Qe5+ 1-0


[Site "https://www.chess.com"]

[Event "Titled Tuesday Blitz March 22 Early 2022"]
[White "Winkels, Marcel"]
[Black "Bintang, Rasyid A. Hidayat"]
[WhiteFideId "1003887"]
[BlackFideId "7105355"]
[WhiteElo "1900"]
[BlackElo "2381"]
[Result "1/2-1/2"]
[Round "08"]
[TimeControl "180+1"]
[Date "2022.03.22"]
[WhiteClock "0:00:27"]
[BlackClock "0:00:07"]

1. e4 e5 2. Nf3 Nc6 3. Bc4 Nf6 4. Ng5 d5 5. exd5 Na5 6. Bb5+ c6 7. dxc6 bxc6 8. Bd3 Nd5 9. Ne4 Nf4 10. O-O Nxd3 11. cxd3 f5 12. Ng3 Be7 13. Qe2 Bf6 14. Nc3 O-O 15. b3 Ba6 16. Qf3 g6 17. Re1 Qxd3 18. Qxd3 Bxd3 19. Ba3 Rfe8 20. Rac1 Rac8 21. Na4 Nb7 22. Nc5 Nxc5 23. Bxc5 a6 24. Rc3 e4 25. Ne2 Bxe2 26. Rxe2 Bxc3 27. dxc3 Re5 28. Bd4 Rd5 29. b4 Rcd8 30. Rd2 f4 31. Kf1 e3 32. fxe3 fxe3 33. Rd3 Rf8+ 34. Ke1 Rf2 35. Rxe3 Rxa2 36. Re6 a5 37. bxa5 c5 38. Be3 Rxa5 39. Rc6 Re5 40. Kf2 Ra2+ 41. Kf3 Rf5+ 42. Kg3 Ra3 43. Bd2 Rd5 44. Be1 Rd1 45. Bf2 Rxc3+ 46. Kg4 c4 47. Rc8+ Kf7 48. Kg5 Rd5+ 49. Kg4 h5+ 50. Kf4 g5+ 51. Ke4 Rdd3 52. Bd4 Rxd4+ 53. Kxd4 Rc2 54. g3 h4 55. gxh4 gxh4 56. Rxc4 Rxc4+ 57. Kxc4 Kf6 58. Kd4 Kf5 59. Ke3 Kg4 60. Kf2 Kh3 61. Kg1 Kg4 62. Kg2 h3+ 63. Kf2 Kf4 64. Kg1 Kf3 65. Kh1 Kf2 1/2-1/2


[Site "https://www.chess.com"]

[Event "Titled Tuesday Blitz March 22 Early 2022"]
[White "Xu, Yi"]
[Black "Fernandez, Daniel Howard"]
[WhiteFideId "8605564"]
[BlackFideId "5801605"]
[WhiteElo "2471"]
[BlackElo "2466"]
[Result "1-0"]
[Round "08"]
[TimeControl "180+1"]
[Date "2022.03.22"]
[WhiteClock "0:00:19"]
[BlackClock "0:00:27"]

1. e4 c5 2. Nf3 d6 3. d4 cxd4 4. Nxd4 Nf6 5. Nc3 a6 6. Be3 e5 7. Nb3 Be7 8. f3 Be6 9. Qd2 Nbd7 10. g4 O-O 11. O-O-O b5 12. g5 Nh5 13. Kb1 Nb6 14. Na5 Qc7 15. a3 Rac8 16. h4 Ng3 17. Rg1 Nxf1 18. Rgxf1 Nc4 19. Nxc4 Bxc4 20. Rf2 Qb7 21. f4 a5 22. Nd5 Bxd5 23. Qxd5 Qxd5 24. Rxd5 exf4 25. Bxf4 Rc5 26. Rxd6 f6 27. gxf6 Bxf6 28. Bg3 Re8 29. Re2 Rc4 30. Rd5 Rexe4 31. Rxe4 Rxe4 32. Rxb5 Rg4 33. Be5 Bxe5 34. Rxe5 a4 35. h5 g5 36. hxg6 hxg6 37. b4 axb3 38. cxb3 Kf7 39. Kb2 Kf6 40. Rd5 Ke6 41. Rc5 Rg2+ 42. Kc3 Rg1 43. Kb4 g5 44. a4 g4 45. a5 g3 46. Rg5 Kf6 47. Rg8 Kf7 48. Rg4 Kf6 49. Kb5 Kf5 50. Rg8 Kf4 51. b4 1-0


[Site "https://www.chess.com"]

[Event "Titled Tuesday Blitz March 22 Early 2022"]
[White "Yeletsky, Ivan"]
[Black "Zhigalko, Sergei"]
[WhiteFideId "24180327"]
[BlackFideId "13502956"]
[WhiteElo "2303"]
[BlackElo "2662"]
[Result "1/2-1/2"]
[Round "08"]
[TimeControl "180+1"]
[Date "2022.03.22"]
[WhiteClock "0:00:09"]
[BlackClock "0:00:02"]

1. e4 c5 2. Nf3 Nc6 3. Bb5 Nf6 4. Bxc6 dxc6 5. d3 Bg4 6. h3 Bh5 7. Qe2 Qc7 8. g4 Bg6 9. b3 e5 10. Nbd2 Nd7 11. a4 Be7 12. Nc4 f6 13. Nh4 Nf8 14. Nf5 Ne6 15. a5 O-O-O 16. c3 Rhe8 17. Be3 Bf8 18. b4 Nf4 19. Bxf4 exf4 20. bxc5 Bxc5 21. d4 Bf8 22. f3 Bf7 23. Kf1 g6 24. Nh4 c5 25. d5 Bxd5 26. Kg1 Bf7 27. Ng2 Qc6 28. a6 b6 29. Kh2 h5 30. gxh5 g5 31. Rhb1 Kc7 32. Na3 Bxh5 33. Nb5+ Kb8 34. c4 Bf7 35. Rd1 Be6 36. Qc2 Be7 37. Rd5 Rh8 38. Rad1 Rxh3+ 39. Kg1 Rhh8 40. Rxd8+ Rxd8 41. Rxd8+ Bxd8 42. Qd3 Be7 43. Ne1 Qd7 44. Qc2 Qc8 45. e5 Bf5 46. Nd3 Qd7 47. exf6 Bxf6 48. Qh2 Bxd3 49. Qh6 Bd4+ 50. Kh2 Kc8 51. Qf8+ Qd8 52. Qf7 Qd7 53. Nxa7+ Kd8 54. Qf8+ Kc7 55. Nc6 Kxc6 56. Qa8+ Kd6 57. a7 Qh7+ 58. Kg2 Bf1+ 59. Kxf1 Qh1+ 60. Ke2 Qg2+ 61. Kd3 Qf1+ 62. Ke4 Qe2+ 63. Kf5 Qe6+ 64. Kxg5 Bf6+ 65. Kxf4 Qe5+ 66. Kg4 Qg5+ 67. Kh3 Qh4+ 68. Kg2 Qg5+ 69. Kh3 Qh4+ 70. Kg2 Qg5+ 71. Kf1 Qc1+ 72. Kg2 Qd2+ 73. Kh3 Qh6+ 74. Kg2 Qd2+ 75. Kh3 Qh6+ 76. Kg2 Qd2+ 1/2-1/2


[Site "https://www.chess.com"]

[Event "Titled Tuesday Blitz March 22 Early 2022"]
[White "volunteers1998"]
[Black "Manukian, Artak"]
[BlackFideId "13301373"]
[WhiteElo "2242"]
[BlackElo "2430"]
[Result "1/2-1/2"]
[Round "08"]
[TimeControl "180+1"]
[Date "2022.03.22"]
[WhiteClock "0:00:07"]
[BlackClock "0:00:27"]

1. e4 c6 2. d4 d5 3. e5 Bf5 4. Nc3 e6 5. g4 Bg6 6. Nge2 c5 7. h4 cxd4 8. Nxd4 h5 9. Bb5+ Nd7 10. g5 Ne7 11. Be3 a6 12. Bxd7+ Qxd7 13. f4 Nf5 14. Nxf5 Bxf5 15. Qd2 Rc8 16. O-O Bb4 17. a3 Bxc3 18. bxc3 O-O 19. Rab1 b5 20. Bd4 Rc4 21. Qf2 Rfc8 22. Rb4 a5 23. Rxc4 Rxc4 24. Rb1 Qc6 25. Kh2 Kh7 26. Kg3 Kg6 27. Kh2 Qc7 28. Rxb5 Rxc3 29. Bxc3 Qxc3 30. Rb3 Qc4 31. Rb2 d4 32. Qd2 Qd5 33. a4 Qc4 34. Rb5 Qxa4 35. Rxa5 Qc4 36. Kg3 Bxc2 37. Kf2 d3 38. Ra1 Qd4+ 39. Qe3 Qxa1 40. Qe4+ f5 41. exf6+ Kf7 42. Qb7+ Kg6 43. Qe4+ Kf7 44. Qb7+ Kg6 45. Qe4+ 1/2-1/2


[Site "https://www.chess.com"]

[Event "Titled Tuesday Blitz March 22 Early 2022"]
[White "Aaditya Dhingra"]
[Black "Agasarov, Benik"]
[WhiteFideId "25678191"]
[BlackFideId "13314823"]
[WhiteElo "1849"]
[BlackElo "2557"]
[Result "1-0"]
[Round "09"]
[TimeControl "180+1"]
[Date "2022.03.22"]
[WhiteClock "0:00:49"]
[BlackClock "0:00:02"]

1. Nf3 d5 2. g3 Bg4 3. Bg2 c6 4. c4 e6 5. O-O Nd7 6. cxd5 exd5 7. Nc3 Ngf6 8. d4 Be7 9. Ne5 Nxe5 10. dxe5 Nd7 11. h3 Be6 12. f4 Bc5+ 13. Kh2 Bf5 14. e4 dxe4 15. g4 Be6 16. Nxe4 Bd5 17. Qe2 Bxe4 18. Bxe4 Qb6 19. Rb1 O-O-O 20. b4 Bd4 21. a4 g5 22. Rd1 gxf4 23. a5 f3 24. Bxf3 Bxe5+ 25. Kg2 Qb5 26. Qxb5 cxb5 27. Be3 Kb8 28. Rd5 Bc7 29. Rxb5 b6 30. Bd4 Rhe8 31. Rd1 Ne5 32. Bxe5 Rxd1 33. Bxc7+ Kxc7 34. Bxd1 Rd8 35. Bf3 Rd2+ 36. Kg3 Rd4 37. axb6+ axb6 38. Kf2 f6 39. Ke3 Rd6 40. Rh5 Re6+ 41. Be4 Re7 42. Rxh7 Rxh7 43. Bxh7 Kd6 44. Kd4 1-0


[Site "https://www.chess.com"]

[Event "Titled Tuesday Blitz March 22 Early 2022"]
[White "Alinasab, Mobina"]
[Black "Sanchez Alvares, Kelvin Antonio"]
[WhiteFideId "12528897"]
[BlackFideId "3906680"]
[WhiteElo "2479"]
[BlackElo "2597"]
[Result "0-1"]
[Round "09"]
[TimeControl "180+1"]
[Date "2022.03.22"]
[WhiteClock "0:00:02"]
[BlackClock "0:01:06"]

1. e4 e5 2. Nf3 Nc6 3. Bb5 a6 4. Ba4 b5 5. Bb3 Nf6 6. O-O Nxe4 7. Re1 Nd6 8. Nxe5 Be7 9. Bd5 Bb7 10. Bxc6 dxc6 11. Qf3 c5 12. Nc6 Qd7 13. d4 Bxc6 14. d5 Bb7 15. Bg5 f6 16. Qh5+ Nf7 17. Bf4 Qxd5 18. Qg4 g6 19. Nc3 Qd7 20. Qe2 Nd6 21. Rad1 Kf7 22. Nd5 Rhe8 23. Nxe7 Rxe7 24. Qd3 Rxe1+ 25. Rxe1 Re8 26. Rd1 Qc6 27. f3 c4 28. Qd2 Qc5+ 29. Kh1 g5 30. Bg3 Nf5 31. Bf2 Qd6 32. Qc1 Qf4 33. Qb1 Bxf3 34. gxf3 Qxf3+ 35. Kg1 Re2 36. Rf1 Ne3 37. Qe1 0-1


[Site "https://www.chess.com"]

[Event "Titled Tuesday Blitz March 22 Early 2022"]
[White "Altman, Joshua"]
[Black "Toncheva, Nadya"]
[WhiteFideId "426210"]
[BlackFideId "2924056"]
[WhiteElo "1945"]
[BlackElo "1884"]
[Result "1-0"]
[Round "09"]
[TimeControl "180+1"]
[Date "2022.03.22"]
[WhiteClock "0:00:17"]
[BlackClock "0:00:03"]

1. d4 Nf6 2. c4 e6 3. Nf3 c5 4. d5 exd5 5. cxd5 d6 6. Nc3 g6 7. Bf4 a6 8. a4 Bg7 9. e3 O-O 10. h3 Ne8 11. Be2 Qe7 12. O-O Nc7 13. Nd2 Nd7 14. Nc4 Ne5 15. Bxe5 Bxe5 16. Nxe5 Qxe5 17. e4 f5 18. exf5 Bxf5 19. Bf3 Rae8 20. Qd2 Bxh3 21. Rae1 Qd4 22. Qg5 Bf5 23. Rd1 Qf6 24. Qg3 Re5 25. Ne2 Bc2 26. Rd2 Rg5 27. Qh3 Bxa4 28. Ng3 Qe7 29. Re2 Re5 30. Rxe5 Qxe5 31. Ne4 Nxd5 32. Qh4 Nf4 33. Ng5 Qg7 34. g3 Nh5 35. Qxa4 h6 36. Ne6 Qf7 37. Bd5 Kh8 38. Nxf8 Qxd5 39. Nxg6+ Kg7 40. Nf4 Nxf4 41. Qxf4 Qe6 42. Qe3 Qf5 43. Re1 d5 44. Qe7+ Kg8 45. Qxc5 Qd3 46. Re8+ Kf7 47. Qf8+ Kg6 48. Re6+ Kh5 49. Qf7+ Kg4 50. Qf4+ Kh3 51. Qh4# 1-0


[Site "https://www.chess.com"]